 Dungeon Crawl Stone Soup version 0.32-a0-842-gbbb8fdbe59 (webtiles) character file.

Game seed: 2038696230551211911

28288 Gbaji the Cleaver (level 13, -13/111 HPs)
             Began as a Demonspawn Berserker on Mar 26, 2024.
             Was a Priest of Trog.
             Killed from afar by an ironbound thunderhulk (19 damage)
             ... with a bolt of lightning
             ... on level 13 of the Dungeon on Mar 27, 2024.
             The game lasted 01:23:10 (13696 turns).

Gbaji the Cleaver (Demonspawn Berserker)           Turns: 13696, Time: 01:23:11

Health: -13/111    AC: 34    Str: 24    XL:     13   Next: 9%
Magic:  13/13      EV:  9    Int:  6    God:    Trog [***...]
Gold:   293        SH:  4    Dex:  7    Spells: 12/12 levels left

rFire   . . .        U - +1 great mace (holy)
rCold   + . .        (shield currently unavailable)
rNeg    . . .        B - +7 chain mail of the Nightingale {Str+3 Dex-5 SInv}
rPois   .            c - +1 helmet
rElec   .            i - +0 cloak
rCorr   .            O - +1 pair of gloves
SInv    +            S - +1 pair of boots
Will    .....        T - amulet of faith Stlth
                     F - +4 ring of protection
HPRegen 0.38/turn    C - ring of flight
MPRegen 0.13/turn

%: faith
@: flying, hasted, wreathed by umbra, very quick
A: hooves 2, rugged brown scales 3, condensation shield, foul shadow 2, cold
resistance 1, dopey 2
a: Renounce Religion, Berserk, Trog's Hand


You were on level 13 of the Dungeon.
You worshipped Trog.
Trog was most pleased with you.
You visited 2 branches of the dungeon, and saw 15 of its levels.
You also visited: Ossuary and Ice Cave.

You collected 830 gold pieces.
You spent 537 gold pieces at shops.

Inventory:

Hand Weapons
 d - a +4 quarterstaff of chaos
 g - a +0 dagger of flaming
 h - a +0 scythe of flaming
 j - a +3 short sword of protection
 p - a +0 whip
 s - a +6 hand axe of flaming
 v - a +0 short sword
 x - a +0 whip of pain
 D - a +3 great sword
 E - a +1 long sword of freezing
 N - a +3 spear of freezing
 U - a +1 great mace of holy wrath (weapon)
Armour
 c - a +1 helmet (worn)
 f - the +1 leather armour "Zengoir" {rElec Int+2 Dex+3}
   (You found it on level 2 of the Dungeon)

   Int+2:     It affects your intelligence (+2).
   Dex+3:     It affects your dexterity (+3).
   rElec:     It insulates you from electricity.
 i - a +0 cloak (worn)
 u - a +0 troll leather armour
 z - a +3 plate armour
 B - the +7 chain mail of the Nightingale (worn) {Str+3 Dex-5 SInv}
   (You found it on level 11 of the Dungeon)

   Str+3:     It affects your strength (+3).
   Dex-5:     It affects your dexterity (-5).
   SInv:      It lets you see invisible.
 O - a +1 pair of gloves (worn)
 S - a +1 pair of boots (worn)
Jewellery
 e - an amulet of the acrobat
 l - a ring of wizardry
 o - an amulet of guardian spirit
 q - a ring of ice
 A - an amulet of magic regeneration
 C - a ring of flight (right hand)
 F - a +4 ring of protection (left hand)
 G - a ring of see invisible
 K - a ring of protection from cold
 L - a ring of resist corrosion
 R - a ring of ice
 T - an amulet of faith (around neck)
 Z - a ring of poison resistance
Talismans
 a - a granite talisman
 n - a flux talisman
Wands
 b - a wand of charming (19)
 k - a wand of flame (28)
 y - a wand of polymorph (23)
 H - a wand of light (12)
 I - a wand of mindburst (5)
 M - a wand of roots (4)
Scrolls
 r - 12 scrolls of identify
 P - a scroll of immolation
 V - a scroll of butterflies
 Y - a scroll of silence
Potions
 m - 7 potions of ambrosia
 t - 4 potions of lignification
 w - a potion of magic
 Q - 2 potions of brilliance
 W - 2 potions of enlightenment
 X - a potion of attraction


   Skills:
 * Level 10.4 Fighting
 + Level 2.5 Short Blades
 + Level 11.7(12.4) Axes
 * Level 6.1(9.7) Maces & Flails
 + Level 2.0(7.7) Polearms
 + Level 10.0 Armour
 + Level 5.5 Dodging
 + Level 2.2 Stealth
 + Level 6.1 Shields


You had 12 spell levels left.
You didn't know any spells.
Your spell library contained the following spells:

 Spells                   Type           Power      Damage    Failure   Level
 Animate Armour           Summ/Erth      0%         N/A       100%        4
 Summon Lightning Spire   Summ/Air       0%         N/A       100%        4
 Lee's Rapid Deconstruct  Erth           0%         3d4*      100%        5


Dungeon Overview and Level Annotations

Branches:
Dungeon (14/15)            Temple (1/1) D:4            Lair (0/5) D:11
    Orc (0/2) D:11        Ossuary (visited)           IceCv (visited)
 Vaults: D:13-14

Altars:
Ashenzari
Cheibriados
Dithmenos
Fedhas
Gozag
Hepliaklqana
Kikubaaqudgha
Makhleb
Nemelex Xobeh
Okawaru
Qazlal
Ru
Sif Muna
Trog
Uskayaw
Vehumet
Wu Jian
Xom
Yredelemnul

Shops:
D:1 :   D:4 *   D:9 !   D:11 ?   D:12 *

Portals:
Trove: D:12 (give +6 ice dragon scales)

Annotations:
D:10 exclusion: 2 oklob plants
D:13 Rupert, Sonja


Innate Abilities, Weirdness & Mutations

You have hoof-like feet.
You are completely covered in rugged brown scales. (AC +3, +7% HP)
A meltable shield of frost defends you. (SH +4)
You are shadowed, sometimes releasing foul flame when damaged in melee.
Your flesh is cold resistant. (rC+)
You are very dopey. (Int -4)


Message History

Found 9 gold pieces.
The centaur warrior shoots an arrow.
The arrow closely misses you.
A vault guard comes into view. It is wielding a +0 halberd.
You bludgeon the laughing skull!!
The laughing skull is severely damaged.
The laughing skull closely misses you. The laughing skull headbutts you.
The laughing skull is seared by the foul flame within you!
The laughing skull resists.
You destroy the laughing skull!
Trog accepts your kill.
Your Armour skill increases to level 10!
A vault guard comes into view. It is wielding a +0 dire flail.
The vault guard shouts!
You hear a shout!
The centaur warrior shoots an arrow.
The arrow closely misses you. The slime creature hits you.
The centaur warrior shoots an arrow.
The arrow hits you.
There is an open gate, spattered with blood here.
You hit the slime creature.
The slime creature is lightly wounded.
The centaur warrior shoots an arrow.
The arrow barely misses you.
An ironbound thunderhulk comes into view.
It is wielding a +0 dire flail.
The slime creature hits you but does no damage.
The centaur warrior shoots an arrow.
The arrow hits you.
The centaur warrior shoots an arrow.
The arrow hits you but does no damage.
The centaur warrior shoots an arrow.
The arrow hits you!
Electricity crackles from the ironbound thunderhulk's apparatus.
The bolt of lightning hits you!!!
Ouch! That really hurt!
* * * LOW HITPOINT WARNING * * *
The slime creature hits you but does no damage.
The centaur warrior shoots an arrow.
The arrow hits you!
* * * LOW HITPOINT WARNING * * *
Okay, then.
Okay, then.
You feel yourself speed up. The slime creature barely misses you.
The vault guard hits you but does no damage.
The centaur warrior shoots an arrow.
You block the arrow.
Electricity crackles from the ironbound thunderhulk's apparatus.
The bolt of lightning hits you!!
You die...

... ..### #....###....
######..#...#....
##..........:.....
##....>.......>....
####..................
###..#..................
###...c'.@................
..O..pp'..................
##....J..................
###.$#..................
#####.................#
#...........##.........
#.........######.#.....
#.........######...#...
#.........##..........<


You could see an ironbound thunderhulk, 2 vault guards, a slime creature and a
centaur warrior.

Vanquished Creatures
  Snorg (D:11)
  A hydra (D:13)
  The ghost of Necromancer21 the Thaumaturge, a journeyman DjIE of Makhleb (D:11)
  Erolcha (D:9)
  Fannar (D:11)
  A centaur warrior (D:13)
  2 two-headed ogres
  2 boulder beetles (D:11)
  2 tengu warriors (D:13)
  Urug (D:11)
  2 soul eaters (D:12)
  A skeletal warrior (D:14)
  2 manticores
  3 ugly things
  The ghost of kirsanium the Chopper, a novice CoGl (D:5)
  3 rime drakes
  An unseen horror (D:13)
  A tengu conjurer (D:13)
  A troll (D:10)
  A queen bee (D:9)
  2 polar bears (D:11)
  2 hornets
  A raiju (shapeshifter) (D:14)
  6 slime creatures
  4 shadows
  A wyvern (D:10)
  Sigmund (D:2)
  22 yaks
  2 wraiths
  A golden eye (D:10)
  6 vampire mosquitoes
  A steam dragon (D:7)
  Menkaure (D:7)
  2 acid dragons (D:11)
  A laughing skull (D:13)
  3 sky beasts
  2 black bears
  5 ice beasts
  4 orc warriors
  2 ogres (D:4)
  4 wolves (D:11)
  3 centaurs
  A phantom (D:5)
  4 kobold brigands
  Blork the orc (D:4)
  2 bullfrogs
  2 gnoll sergeants (D:9)
  5 scorpions
  A water moccasin zombie (Ossuary)
  14 wights
  27 killer bees (D:9)
  4 howler monkeys
  2 bombardier beetles (D:5)
  Crazy Yiuf (D:2)
  A jelly (D:6)
  3 orc priests
  3 hounds
  5 iguanas
  Terence (D:2)
  7 orc wizards
  A crocodile zombie (Ossuary)
  Robin (D:2)
  8 adders
  18 gnolls
  A river rat (D:5)
  2 white imps (D:8)
  2 ufetubi (D:6)
  An adder zombie (Ossuary)
  2 dart slugs
  A ribbon worm (D:5)
  26 orcs
  8 bats
  5 endoplasms
  3 giant cockroaches
  15 hobgoblins
  5 jackals
  A quokka (D:4)
  6 ball pythons
  7 frilled lizards
  A gnoll zombie (Ossuary)
  10 goblins
  A jackal zombie (Ossuary)
  31 kobolds
  An orc zombie (Ossuary)
  7 rats
  A spectral weapon (D:9)
354 creatures vanquished.

Vanquished Creatures (collateral kills)
  A soul eater (D:12)
  A cyclops (D:12)
  A vampire (D:9)
  A chaos spawn (D:12)
  A gnoll sergeant (D:11)
  A gnoll (D:11)
6 creatures vanquished.

Grand Total: 360 creatures vanquished

Notes
Turn   | Place    | Note
-------+----------+-------------------------------------------
     0 | D:1      | Gbaji the Demonspawn Berserker began the quest for the Orb.
     0 | D:1      | Reached XP level 1. HP: 18/18 MP: 1/1
    12 | D:1      | Found Selam's Book Shop.
   132 | D:1      | Gained mutation: A meltable shield of frost defends you.
                  | (SH +4) [demonic ancestry]
   132 | D:1      | Reached XP level 2. HP: 20/24 MP: 2/2
   368 | D:1      | Reached skill level 3 in Axes
   946 | D:2      | Gained mutation: You are partially covered in rugged brown
                  | scales. (AC +1, +3% HP) [demonic ancestry]
   946 | D:2      | Reached XP level 3. HP: 29/29 MP: 3/3
   949 | D:2      | Reached ** piety under Trog
   951 | D:2      | Noticed Sigmund
  1078 | D:2      | Noticed Robin
  1105 | D:2      | Noticed Terence
  1128 | D:2      | Killed Terence
  1129 | D:2      | Reached skill level 1 in Short Blades
  1129 | D:2      | Gained mutation: You are mostly covered in rugged brown
                  | scales. (AC +2, +5% HP) [demonic ancestry]
  1129 | D:2      | Reached XP level 4. HP: 22/36 MP: 4/4
  1158 | D:2      | Gained mutation: Your mind is acute. (Int +4, Str/Dex -1)
                  | [potion of mutation]
  1158 | D:2      | Gained mutation: You have a pair of small antennae on your
                  | head. [potion of mutation]
  1553 | D:1      | Lost mutation: You have a pair of small antennae on your
                  | head. [potion of mutation]
  1553 | D:1      | Lost mutation: Your mind is acute. (Int +4, Str/Dex -1)
                  | [potion of mutation]
  1553 | D:1      | Gained mutation: You have a pair of small antennae on your
                  | head. [potion of mutation]
  1554 | D:1      | Lost mutation: You have a pair of small antennae on your
                  | head. [potion of mutation]
  1554 | D:1      | Gained mutation: Your muscles are strong. (Str +4, Int/Dex
                  | -1) [potion of mutation]
  1554 | D:1      | Gained mutation: You are agile. (Dex +4, Str/Int -1)
                  | [potion of mutation]
  1554 | D:1      | Gained mutation: Your spells are a little harder to cast,
                  | but a little more powerful. [potion of mutation]
  1585 | D:2      | Killed Robin
  1757 | D:2      | Identified the +1 leather armour "Zengoir" {rElec Int+2
                  | Dex+3}
  1820 | D:2      | Killed Sigmund
  1821 | D:2      | Reached skill level 1 in Shields
  1821 | D:2      | Gained mutation: You have large cloven feet. [demonic
                  | ancestry]
  1821 | D:2      | Reached XP level 5. HP: 44/44 MP: 5/5
  1821 | D:2      | Gained mutation: You are faintly shadowed, very rarely
                  | releasing foul flame when damaged in melee. [demonic
                  | ancestry]
  1821 | D:2      | Reached XP level 6. HP: 50/50 MP: 6/6
  1941 | D:2      | Found a runed translucent door.
  1942 | D:2      | Noticed Crazy Yiuf
  1947 | D:2      | Killed Crazy Yiuf
  2502 | D:3      | You fall into a shaft and drop 1 floor!
  2519 | D:4      | Found a staircase to the Ecumenical Temple.
  3044 | D:4      | Noticed Blork the orc
  3057 | D:4      | Killed Blork the orc
  3058 | D:4      | Reached skill level 1 in Polearms
  3058 | D:4      | Reached skill level 1 in Stealth
  3059 | D:4      | Reached *** piety under Trog
  3060 | D:4      | Gained mutation: You have hoof-like feet. [demonic
                  | ancestry]
  3060 | D:4      | Reached XP level 7. HP: 47/56 MP: 3/7
  3216 | Temple   | Entered the Ecumenical Temple
  3598 | D:4      | Found Cesats's Assorted Antiques.
  3617 | D:4      | Bought a scroll of enchant weapon for 127 gold pieces
  3670 | D:4      | Reached skill level 4 in Axes
  3847 | D:5      | Entered Level 5 of the Dungeon
  3875 | D:5      | Lost mutation: You are agile. (Dex +4, Str/Int -1) [potion
                  | of mutation]
  3875 | D:5      | Lost mutation: Your spells are a little harder to cast, but
                  | a little more powerful. [potion of mutation]
  3875 | D:5      | Lost mutation: Your muscles are strong. (Str +4, Int/Dex
                  | -1) [potion of mutation]
  3875 | D:5      | Gained mutation: You are frail. (-10% HP) [potion of
                  | mutation]
  3875 | D:5      | Gained mutation: Your muscles are strong. (Str +4, Int/Dex
                  | -1) [potion of mutation]
  3987 | D:5      | Found a runed translucent door.
  3994 | D:5      | Noticed kirsanium's ghost (novice CoGl)
  4023 | D:5      | Killed kirsanium's ghost
  4024 | D:5      | Reached XP level 8. HP: 23/57 MP: 2/8
  4038 | D:5      | Found a runed translucent door.
  4139 | D:5      | Reached skill level 5 in Axes
  4318 | D:5      | Reached skill level 5 in Fighting
  4412 | D:5      | Reached skill level 6 in Axes
  4921 | D:6      | Reached XP level 9. HP: 64/64 MP: 7/9
  5141 | D:6      | Reached **** piety under Trog
  5142 | D:6      | Reached skill level 7 in Axes
  5656 | D:7      | Found a sand-covered staircase.
  5659 | D:7      | Noticed Menkaure
  5669 | D:7      | Killed Menkaure
  5719 | D:7      | Reached skill level 5 in Armour
  5875 | D:7      | Reached skill level 8 in Axes
  6191 | D:7      | Lost mutation: Your muscles are strong. (Str +4, Int/Dex
                  | -1) [potion of mutation]
  6191 | D:7      | Lost mutation: You are frail. (-10% HP) [potion of
                  | mutation]
  6191 | D:7      | Gained mutation: You passively dampen the noise of your
                  | surroundings. [potion of mutation]
  6191 | D:7      | Gained mutation: Your mind is acute. (Int +4, Str/Dex -1)
                  | [potion of mutation]
  6191 | D:7      | Gained mutation: Your flesh is cold resistant. (rC+)
                  | [potion of mutation]
  6191 | D:7      | Gained mutation: You have a pair of small horns on your
                  | head. [potion of mutation]
  6192 | D:7      | Lost mutation: Your mind is acute. (Int +4, Str/Dex -1)
                  | [potion of mutation]
  6192 | D:7      | Lost mutation: You have a pair of small horns on your head.
                  | [potion of mutation]
  6192 | D:7      | Gained mutation: You are strong-willed. (Will+) [potion of
                  | mutation]
  6192 | D:7      | Gained mutation: You sometimes lose your temper in combat.
                  | [potion of mutation]
  6193 | D:7      | Lost mutation: You passively dampen the noise of your
                  | surroundings. [potion of mutation]
  6193 | D:7      | Lost mutation: You are strong-willed. (Will+) [potion of
                  | mutation]
  6193 | D:7      | Lost mutation: You sometimes lose your temper in combat.
                  | [potion of mutation]
  6193 | D:7      | Gained mutation: You are dopey. (Int -2) [potion of
                  | mutation]
  6193 | D:7      | Gained mutation: Your spells are a little easier to cast,
                  | but a little less powerful. [potion of mutation]
  6298 | Ossuary  | Entered an ossuary
  6433 | D:8      | Found an opulent altar of Gozag.
  6611 | D:8      | Reached XP level 10. HP: 79/79 MP: 10/10
  7069 | D:9      | Noticed Erolcha
  7081 | D:9      | Killed Erolcha
  7082 | D:9      | Reached skill level 9 in Axes
  7353 | D:9      | Found Ochel's Distillery.
  7436 | D:9      | Bought a potion of ambrosia for 96 gold pieces
  7436 | D:9      | Bought a potion of haste for 120 gold pieces
  7627 | D:9      | Found an ornate altar of the Wu Jian Council.
  7671 | D:9      | Found a bloodstained altar of Trog.
  7798 | D:9      | Lost mutation: You are dopey. (Int -2) [potion of mutation]
  7798 | D:9      | Lost mutation: Your spells are a little easier to cast, but
                  | a little less powerful. [potion of mutation]
  7798 | D:9      | Gained mutation: You are dopey. (Int -2) [potion of
                  | mutation]
  7798 | D:9      | Gained mutation: You are very dopey. (Int -4) [potion of
                  | mutation]
  7920 | D:9      | HP: 4/82 [poisoned by a killer bee]
  8250 | D:9      | Reached skill level 5 in Dodging
  8250 | D:9      | Gained mutation: You are shadowed, sometimes releasing foul
                  | flame when damaged in melee. [demonic ancestry]
  8250 | D:9      | Reached XP level 11. HP: 76/89 MP: 11/11
  8424 | D:10     | Entered Level 10 of the Dungeon
  8637 | D:10     | Reached skill level 10 in Axes
  8674 | D:10     | Reached skill level 5 in Shields
  8832 | D:10     | Noticed an oklob plant
  8863 | D:10     | Noticed an oklob plant
  9028 | D:10     | Reached ***** piety under Trog
  9344 | D:11     | Noticed Fannar
  9365 | D:11     | Killed Fannar
  9502 | D:11     | Noticed a two-headed ogre
  9512 | D:11     | Killed a two-headed ogre
  9661 | D:11     | Found a runed translucent door.
  9669 | D:11     | Found Unavaydgh's Magic Scroll Emporium.
  9672 | D:11     | Bought a scroll of enchant armour for 97 gold pieces
  9672 | D:11     | Bought a scroll of enchant armour for 97 gold pieces
  9680 | D:11     | Noticed Necromancer21's ghost (journeyman DjIE)
  9756 | D:11     | Noticed a boulder beetle
  9782 | D:11     | Killed a boulder beetle
  9900 | D:11     | Noticed Snorg
  9918 | D:11     | Killed Snorg
  9937 | D:11     | Found a staircase to the Orcish Mines.
  9938 | D:11     | Upgraded the game from 0.32-a0-837-g8d3e27d251 to
                  | 0.32-a0-842-gbbb8fdbe59
 10005 | D:11     | Noticed a boulder beetle
 10069 | D:11     | Reached skill level 11 in Axes
 10117 | D:11     | Killed a boulder beetle
 10118 | D:11     | Gained mutation: You are completely covered in rugged brown
                  | scales. (AC +3, +7% HP) [demonic ancestry]
 10118 | D:11     | Reached XP level 12. HP: 60/101 MP: 10/12
 10233 | D:11     | Found a staircase to the Lair.
 10376 | D:11     | Noticed Urug
 10384 | D:11     | Killed Urug
 10569 | D:11     | Killed Necromancer21's ghost
 10578 | D:11     | Identified the +7 chain mail of the Nightingale {Str+3
                  | Dex-5 SInv}
 10735 | D:12     | Found Liptoog's Gadget Gallery.
 10832 | D:12     | Found a portal to a secret trove of treasure.
 11099 | D:12     | Reached skill level 1 in Maces & Flails
 11587 | D:12     | Reached skill level 10 in Fighting
 12080 | D:13     | Found a frozen archway.
 12121 | IceCv    | Entered an ice cave
 12145 | D:13     | Noticed a two-headed ogre
 12146 | D:13     | Noticed a centaur warrior
 12156 | D:13     | Killed a two-headed ogre
 12157 | D:13     | Reached skill level 5 in Maces & Flails
 12159 | D:13     | Killed a centaur warrior
 12407 | D:13     | Noticed a seven-headed hydra
 12419 | D:13     | Noticed Sonja
 12425 | D:13     | Killed a two-headed hydra
 12430 | D:13     | Noticed Rupert
 12755 | D:13     | Paralysed by Rupert for 2 turns
 12760 | D:13     | Paralysed by Rupert for 4 turns
 13056 | D:13     | Noticed a tengu warrior
 13057 | D:13     | Noticed a tengu warrior
 13071 | D:13     | Killed a tengu warrior
 13080 | D:13     | Killed a tengu warrior
 13081 | D:13     | Reached XP level 13. HP: 95/111 MP: 8/13
 13691 | D:13     | Reached skill level 10 in Armour
 13692 | D:13     | Noticed an ironbound thunderhulk
 13694 | D:13     | HP: 5/111 [centaur warrior/arrow (13)]
 13696 | D:13     | Killed from afar by an ironbound thunderhulk

Illustrated notes

Levels and vault maps discovered:
D:1:      dpeg_arrival_shelter, layout_basic, serial_shops, nicolae_square_shop,
          serial_forest, infiniplex_forest_lined_2,
          infiniplex_forest_lined_room_, infiniplex_forest_straight_5,
          infiniplex_forest_clump_small, infiniplex_forest_corner_1,
          infiniplex_forest_end_3, infiniplex_forest_clump_C,
          infiniplex_forest_straight_4, infiniplex_forest_clump_tiny
D:2:      layout_rooms, chequers_arboretum, uniq_robin, uniq_crazy_yiuf_cottage,
          uniq_sigmund, uniq_terence
D:3:      layout_basic
D:4:      layout_gridville, minmay_temple_entry_arrows, serial_shops, shop,
          kennysheep_small_circle, uniq_blork_the_orc
D:5:      layout_rooms, ebering_ghost_sewer_f
D:6:      layout_loops_ring
D:7:      layout_rooms, enter_ossuary_1, uniq_menkaure
D:8:      layout_rooms, grunt_gozag_breadcrumbs, serial_bayou_pond_d,
          minivault_1
D:9:      layout_roguey, mainiacjoe_overflow_catwalk_spiral, special_room
          [special_room_bee], serial_shops, nicolae_shop_waterfront,
          due_unseen_surprise, uniq_erolcha
D:10:     layout_rooms, disabler_island
D:11:     layout_roguey, hellmonk_lair_entry_icy, serial_shops,
          nicolae_shop_real_fake_doors, gammafunk_ghost_grave, uniq_urug,
          uniq_fannar, uniq_snorg
D:12:     layout_irregular_city, nicolae_trove_entry_diagonal, serial_demonic,
          serial_demonic_d, serial_demonic_b, serial_demonic_b,
          serial_demonic_b, serial_demonic_g, serial_demonic_a, drop_trap,
          nicolae_shop_gadgets
D:13:     layout_rooms, hellmonk_vaults_keyhole, portal_ice_cave_rime,
          serial_library_hellmonk_double_dead_end, uniq_sonja, uniq_rupert
D:14:     layout_basic, fedhas_altar_fruit_tree, solitary_fountain
Temple:   nicolae_temple_bog_church

Skill      XL: |  1  2  3  4  5  6  7  8  9 10 11 12 13 |
---------------+----------------------------------------+-----
Axes           | 3 4 6 8 9 11 | 11.7
Armour         | 2 3 4 5 7 9 10 | 10.0
Dodging        | 2 3 4 5 |  5.5
Short Blades   | 1 2 |  2.5
Shields        | 1 2 3 4 5 6 |  6.1
Fighting       | 4 5 6 7 9 10 | 10.4
Polearms       | 1 2 |  2.0
Stealth        | 1 2 |  2.2
Maces & Flails | 6 |  6.1

Action                     |  1- 3 |  4- 6 |  7- 9 | 10-12 | 13-15 || total
---------------------------+-------+-------+-------+-------+-------++-------
  Melee: Hand axe          |    27 |    44 |   287 |   547 |    58 ||   963
         Dagger            |    34 |       |       |       |       ||    34
         Short sword       |    89 |    68 |       |       |       ||   157
         Halberd           |       |    20 |       |       |       ||    20
         Kick              |       |    18 |    79 |   123 |       ||   220
         Great mace        |       |       |       |   150 |     5 ||   155
 Invoke: Berserk           |     1 |     4 |     4 |    20 |       ||    29
         Trog's Hand       |       |     2 |     1 |    10 |       ||    13
         Brothers in Arms  |       |       |       |     3 |       ||     3
    Use: Scroll            |     1 |     8 |     6 |    12 |     1 ||    28
         Potion            |       |     8 |     7 |    12 |     1 ||    28
   Stab: Sleeping          |       |     1 |       |       |       ||     1
 Armour: Ring mail         |    83 |    78 |       |       |       ||   161
         Animal skin       |     2 |       |       |       |       ||     2
         Chain mail        |       |     6 |       |   353 |    54 ||   413
         Leather armour    |       |    37 |    44 |       |       ||    81
         Plate armour      |       |       |   154 |   586 |       ||   740
  Dodge: Dodged            |    89 |    99 |   119 |   410 |    14 ||   731
  Block: Other             |    26 |    34 |    40 |   143 |     4 ||   247

Table legend: (Time is in decaauts)
 A = Elapsed time spent in this place.
 B = Non-inter-level travel time spent in this place.
 C = Inter-level travel time spent in this place.
 D = Time resting spent in this place.
 E = Time spent auto-exploring this place.
 F = Levels seen in this place.
 G = Mean time per level.
                   A        B        C        D        E       F      G
               +--------+--------+--------+--------+--------+-----+--------+
         Total |  13848 |  13079 |    769 |   2101 |   5768 |  17 |  814.6 |
       Dungeon |  13473 |  13023 |    450 |   2101 |   5768 |  14 |  962.4 |
        Temple |    325 |      6 |    319 |      0 |      0 |   1 |  325.0 |
       Ossuary |     47 |     47 |      0 |      0 |      0 |   1 |   47.0 |
      Ice Cave |      2 |      2 |      0 |      0 |      0 |   1 |    2.0 |
               +--------+--------+--------+--------+--------+-----+--------+

Top non-repeatable levels by time:
    D:12: 1718 daAuts
     D:9: 1545 daAuts
    D:11: 1428 daAuts
     D:1: 1391 daAuts
     D:6: 1065 daAuts
    D:13: 839 daAuts
     D:5: 756 daAuts
    D:10: 755 daAuts
     D:2: 752 daAuts
     D:3: 732 daAuts
     D:4: 702 daAuts
     D:7: 688 daAuts
     D:8: 648 daAuts
    D:14: 449 daAuts
  Temple: 325 daAuts
